General information
- name: BNet
- type: Ladder team game (AT/RT)
- host: Battle.net
- saver: Warmaster69
map: TwilightRuins_LV
- players: 8
- length: 54:31
- speed: Fast
- version: 1.29 W3XP
- replay type: Public
» download(476 KB)
Players
team 1 (loser)

»
akazebu17 (
yellow | 106 APM | 2139 actions | 20:14)
4 Archmage
2 Summon Water Elemental
2 Brilliance Aura
2 Mountain King
1 Storm Bolt
1 Thunder Clap
2 Paladin
1 Holy Light
1 Divine Shield
» actions
| Assign group hotkey | 37 | |
| Basic commands | 109 | |
| Build / train | 100 | |
| ESC pressed | 7 | |
| Enter build submenu | 28 | |
| Enter hero's abilities submenu | 8 | |
| Give item / drop item | 5 | |
| Right click | 999 | |
| Select / deselect | 345 | |
| Select group hotkey | 343 | |
| Use ability | 158 | |
2139 total
» units
| Peasant | 16 | |
| Footman | 7 | |
| Goblin Shredder | 1 | |
| Gryphon Rider | 9 | |
| Dragonhawk Rider | 4 | |
37 total
» upgrades
| Masonry | 1 | |
| Defend | 1 | |
| Lumber Harvesting | 2 | |
| Storm Hammers | 1 | |
| Cloud | 1 | |
| Swords | 3 | |
| Armor | 2 | |
11 total
» buildings
| Lumber Mill | 2 | |
| Altar of Kings | 1 | |
| Farm | 13 | |
| Barracks | 1 | |
| Scout Tower | 15 | |
| Guard Tower | 9 | |
| Arcane Tower | 4 | |
| Arcane Vault | 1 | |
| Keep | 2 | |
| Town Hall | 1 | |
| Blacksmith | 1 | |
| Castle | 1 | |
| Gryphon Aviary | 3 | |
54 total
» build order
01:03 Lumber Mill
01:09 Altar of Kings
01:13 Farm
01:17 Lumber Mill
01:25 Barracks
01:38 Farm
01:59 Scout Tower
02:01 Scout Tower
02:26 Farm
02:29 Guard Tower
02:59 Farm
03:08 Guard Tower
03:09 Guard Tower
03:09 Guard Tower
03:43 Scout Tower
03:58 Scout Tower
04:01 Scout Tower
04:17 Arcane Tower
04:26 Arcane Vault
04:31 Guard Tower
04:55 Keep
04:56 Keep
05:03 Guard Tower
06:12 Town Hall
06:19 Scout Tower
06:20 Scout Tower
06:20 Scout Tower
06:21 Scout Tower
06:53 Guard Tower
07:00 Farm
07:12 Blacksmith
07:14 Farm
07:15 Farm
07:15 Farm
07:17 Guard Tower
07:48 Castle
09:25 Gryphon Aviary
09:31 Gryphon Aviary
09:34 Gryphon Aviary
10:35 Farm
11:33 Scout Tower
11:34 Scout Tower
11:35 Scout Tower
12:57 Guard Tower
13:00 Scout Tower
13:00 Scout Tower
13:05 Scout Tower
13:28 Farm
13:29 Farm
13:29 Farm
13:34 Arcane Tower
13:34 Arcane Tower
13:58 Farm
14:00 Arcane Tower
» items
| Scroll of Regeneration | 4 | |
| Lesser Clarity Potion | 4 | |
| Scroll of Town Portal | 3 | |
| Potion of Healing | 1 | |
| Staff of Sanctuary | 1 | |
| Potion of Lesser Invulnerability | 1 | |
| Scroll of Healing | 2 | |
| Scroll of Protection | 1 | |
| Boots of Speed | 1 | |
18 total

»
TESTING (
purple | 45 APM | 922 actions | 20:18)
5 Mountain King
3 Storm Bolt
2 Bash
» actions
| Assign group hotkey | 26 | |
| Basic commands | 31 | |
| Build / train | 83 | |
| Enter build submenu | 32 | |
| Enter hero's abilities submenu | 5 | |
| Give item / drop item | 1 | |
| Right click | 257 | |
| Select / deselect | 249 | |
| Select group hotkey | 156 | |
| Use ability | 82 | |
922 total
» units
| Peasant | 18 | |
| Footman | 3 | |
| Rifleman | 13 | |
| Goblin Sapper | 2 | |
| Flying Machine | 6 | |
42 total
» upgrades
| Masonry | 1 | |
| Lumber Harvesting | 1 | |
| Priest Training | 1 | |
| Magic Sentry | 1 | |
| Gunpowder | 1 | |
5 total
» buildings
| Farm | 6 | |
| Altar of Kings | 1 | |
| Scout Tower | 32 | |
| Arcane Tower | 2 | |
| Barracks | 1 | |
| Lumber Mill | 2 | |
| Arcane Vault | 2 | |
| Blacksmith | 1 | |
| Guard Tower | 16 | |
| Keep | 1 | |
| Town Hall | 1 | |
| Castle | 1 | |
| Arcane Sanctum | 1 | |
| Workshop | 2 | |
| Cannon Tower | 2 | |
71 total
» build order
00:03 Farm
00:05 Altar of Kings
00:42 Scout Tower
01:13 Arcane Tower
01:21 Farm
01:49 Barracks
02:11 Lumber Mill
02:27 Scout Tower
02:45 Arcane Vault
02:52 Arcane Vault
03:09 Blacksmith
03:19 Guard Tower
03:22 Farm
03:24 Farm
06:08 Keep
06:19 Town Hall
06:28 Scout Tower
06:30 Scout Tower
06:31 Scout Tower
06:56 Scout Tower
06:57 Scout Tower
07:03 Guard Tower
07:20 Guard Tower
07:40 Scout Tower
07:41 Scout Tower
07:42 Scout Tower
08:31 Guard Tower
08:34 Guard Tower
08:53 Guard Tower
09:30 Guard Tower
09:45 Lumber Mill
10:50 Castle
11:01 Scout Tower
11:01 Scout Tower
11:02 Scout Tower
11:03 Scout Tower
11:26 Scout Tower
11:27 Scout Tower
11:27 Scout Tower
11:33 Guard Tower
11:37 Scout Tower
11:38 Scout Tower
11:38 Scout Tower
11:54 Guard Tower
12:02 Guard Tower
12:31 Guard Tower
12:34 Guard Tower
12:50 Guard Tower
13:04 Guard Tower
13:11 Arcane Sanctum
14:42 Scout Tower
14:44 Scout Tower
14:46 Scout Tower
15:20 Guard Tower
16:04 Workshop
16:06 Guard Tower
16:20 Farm
16:20 Farm
17:47 Scout Tower
17:48 Scout Tower
17:49 Scout Tower
17:49 Scout Tower
17:49 Scout Tower
18:06 Workshop
18:08 Scout Tower
18:09 Scout Tower
18:10 Scout Tower
18:11 Scout Tower
18:18 Arcane Tower
18:58 Cannon Tower
19:29 Cannon Tower
» items
| Scroll of Regeneration | 4 | |
| Potion of Healing | 1 | |
| Orb of Fire | 1 | |
| Scroll of Town Portal | 2 | |
8 total
busydrinkcoffee (
teal | 132 APM | 7177 actions | 54:30)
6 Archmage
3 Summon Water Elemental
2 Brilliance Aura
1 Mass Teleport
7 Mountain King
3 Storm Bolt
3 Bash
1 Avatar
6 Goblin Alchemist
2 Healing Spray
2 Chemical Rage
1 Acid Bomb
1 Transmute
» actions
| Assign group hotkey | 84 | |
| Basic commands | 307 | |
| Build / train | 210 | |
| ESC pressed | 39 | |
| Enter build submenu | 53 | |
| Enter hero's abilities submenu | 20 | |
| Give item / drop item | 22 | |
| Right click | 1883 | |
| Select / deselect | 1061 | |
| Select group hotkey | 3113 | |
| Use ability | 385 | |
7177 total
» units
| Peasant | 12 | |
| Footman | 3 | |
| Rifleman | 9 | |
| Goblin Shredder | 1 | |
| Sorceress | 4 | |
| Goblin Zeppelin | 3 | |
| Spell Breaker | 2 | |
| Mortar Team | 5 | |
| Priest | 3 | |
42 total
» upgrades
| Gunpowder | 3 | |
| Long Rifles | 1 | |
| Armor | 3 | |
| Priest Training | 2 | |
| Sorceress Training | 2 | |
| Masonry | 7 | |
| Swords | 3 | |
| Control Magic | 1 | |
| Barrage | 1 | |
| Plating | 3 | |
| Storm Hammers | 1 | |
| Cloud | 1 | |
| Fragmentation Shards | 1 | |
| Flare | 1 | |
| Flak Cannons | 1 | |
| Lumber Harvesting | 2 | |
| Magic Sentry | 1 | |
| Animal War Training | 1 | |
| Flying Machine Bombs | 6 | |
| Defend | 1 | |
| Backpack | 1 | |
43 total
» buildings
| Altar of Kings | 1 | |
| Barracks | 1 | |
| Farm | 13 | |
| Arcane Vault | 1 | |
| Blacksmith | 1 | |
| Keep | 2 | |
| Town Hall | 3 | |
| Scout Tower | 24 | |
| Castle | 2 | |
| Arcane Sanctum | 2 | |
| Lumber Mill | 1 | |
| Guard Tower | 26 | |
| Arcane Tower | 7 | |
| Gryphon Aviary | 3 | |
| Workshop | 1 | |
| Nerubian Tower | 2 | |
| Cannon Tower | 2 | |
92 total
» build order
00:51 Altar of Kings
00:53 Barracks
01:02 Farm
01:06 Farm
01:15 Farm
01:40 Arcane Vault
02:38 Farm
03:24 Blacksmith
03:48 Keep
03:48 Keep
04:19 Town Hall
05:31 Scout Tower
06:49 Castle
06:50 Castle
07:41 Farm
07:54 Arcane Sanctum
07:57 Arcane Sanctum
08:01 Farm
08:03 Lumber Mill
08:57 Scout Tower
08:58 Scout Tower
09:41 Guard Tower
09:41 Guard Tower
09:43 Arcane Tower
09:43 Arcane Tower
09:44 Scout Tower
09:45 Scout Tower
09:45 Scout Tower
10:12 Guard Tower
10:12 Guard Tower
10:33 Guard Tower
10:33 Guard Tower
10:41 Scout Tower
10:42 Scout Tower
11:08 Scout Tower
11:22 Guard Tower
11:22 Guard Tower
11:31 Scout Tower
12:11 Guard Tower
12:11 Guard Tower
13:43 Gryphon Aviary
13:44 Gryphon Aviary
13:45 Gryphon Aviary
14:04 Scout Tower
14:10 Guard Tower
14:15 Workshop
14:38 Guard Tower
19:01 Farm
19:01 Farm
19:03 Farm
19:07 Farm
19:09 Farm
20:26 Scout Tower
20:28 Scout Tower
20:31 Nerubian Tower
20:31 Nerubian Tower
20:37 Guard Tower
20:37 Guard Tower
21:07 Guard Tower
21:08 Guard Tower
27:55 Farm
27:56 Farm
29:21 Guard Tower
29:21 Guard Tower
29:29 Town Hall
29:31 Scout Tower
29:32 Scout Tower
29:33 Scout Tower
29:58 Arcane Tower
29:59 Arcane Tower
30:00 Guard Tower
30:01 Guard Tower
30:45 Scout Tower
30:45 Scout Tower
30:46 Scout Tower
30:46 Scout Tower
30:47 Scout Tower
30:47 Scout Tower
30:48 Scout Tower
30:50 Scout Tower
35:31 Guard Tower
35:31 Guard Tower
35:32 Guard Tower
35:32 Guard Tower
35:33 Arcane Tower
35:33 Arcane Tower
35:34 Cannon Tower
35:34 Cannon Tower
35:35 Guard Tower
35:35 Guard Tower
36:04 Arcane Tower
36:08 Town Hall
» items
| Scroll of Regeneration | 5 | |
| Mechanical Critter | 6 | |
| Boots of Speed | 2 | |
| Claws of Attack +12 | 2 | |
| Orb of Corruption | 2 | |
| Staff of Sanctuary | 1 | |
| Legion Doom-Horn | 1 | |
| Staff of Teleportation | 1 | |
| Lesser Clarity Potion | 1 | |
| Potion of Healing | 1 | |
| Cloak of Flames | 1 | |
| Pendant of Energy | 2 | |
| Potion of Greater Healing | 1 | |
| Scroll of Town Portal | 1 | |
| Potion of Invulnerability | 1 | |
| Ancient Janggo of Endurance | 1 | |
| Ring of Regeneration | 1 | |
| Medallion of Courage | 1 | |
| Talisman of Evasion | 1 | |
| Crystal Ball | 1 | |
33 total

»
Zippy (
green | 64 APM | 1189 actions | 18:26)
6 Death Knight
3 Death Coil
2 Unholy Aura
1 Animate Dead
» actions
| Assign group hotkey | 17 | |
| Basic commands | 187 | |
| Build / train | 59 | |
| ESC pressed | 10 | |
| Enter build submenu | 23 | |
| Enter hero's abilities submenu | 6 | |
| Give item / drop item | 3 | |
| Right click | 390 | |
| Select / deselect | 309 | |
| Select group hotkey | 132 | |
| Use ability | 53 | |
1189 total
» units
| Acolyte | 15 | |
| Ghoul | 7 | |
| Crypt Fiend | 12 | |
| Frost Wyrm | 3 | |
37 total
» upgrades
| Creature Attack | 2 | |
| Web | 1 | |
| Creature Carapace | 1 | |
| Freezing Breath | 1 | |
| Cannibalize | 1 | |
6 total
» buildings
| Altar of Darkness | 1 | |
| Crypt | 1 | |
| Ziggurat | 9 | |
| Graveyard | 1 | |
| Halls of the Dead | 1 | |
| Tomb of Relics | 1 | |
| Black Citadel | 2 | |
| Sacrificial Pit | 1 | |
| Boneyard | 3 | |
| Spirit Tower | 2 | |
22 total
» build order
00:23 Altar of Darkness
00:25 Crypt
00:46 Ziggurat
01:35 Graveyard
02:14 Ziggurat
02:45 Ziggurat
03:18 Halls of the Dead
05:04 Tomb of Relics
07:05 Ziggurat
07:08 Ziggurat
07:10 Ziggurat
07:48 Black Citadel
08:34 Black Citadel
08:46 Sacrificial Pit
09:24 Ziggurat
10:05 Ziggurat
10:08 Ziggurat
11:19 Boneyard
11:20 Boneyard
11:22 Boneyard
13:29 Spirit Tower
17:13 Spirit Tower
» items
| Potion of Healing | 1 | |
| Potion of Mana | 1 | |
| Rod of Necromancy | 1 | |
3 total
team 2 (winner)
Aslaug (
orange | 68 APM | 2374 actions | 34:53)
5 Mountain King
3 Storm Bolt
2 Bash
5 Paladin
3 Holy Light
2 Divine Shield
» actions
| Basic commands | 3 | |
| Build / train | 67 | |
| Enter build submenu | 32 | |
| Enter hero's abilities submenu | 10 | |
| Remove unit from queue | 1 | |
| Right click | 1456 | |
| Select / deselect | 722 | |
| Use ability | 83 | |
2374 total
» units
| Peasant | 13 | |
| Footman | 7 | |
| Rifleman | 1 | |
| Knight | 10 | |
| Mortar Team | 6 | |
37 total
» upgrades
| Animal War Training | 1 | |
| Swords | 2 | |
| Plating | 2 | |
| Lumber Harvesting | 1 | |
| Fragmentation Shards | 1 | |
7 total
» buildings
| Altar of Kings | 1 | |
| Farm | 18 | |
| Barracks | 2 | |
| Scout Tower | 2 | |
| Lumber Mill | 1 | |
| Arcane Tower | 1 | |
| Keep | 1 | |
| Arcane Vault | 1 | |
| Castle | 1 | |
| Blacksmith | 1 | |
| Town Hall | 2 | |
| Workshop | 2 | |
33 total
» build order
00:10 Altar of Kings
00:18 Farm
00:41 Barracks
00:52 Scout Tower
00:58 Scout Tower
01:02 Farm
01:30 Lumber Mill
02:03 Arcane Tower
03:24 Farm
03:32 Keep
04:04 Farm
05:04 Arcane Vault
05:27 Farm
06:00 Farm
06:09 Castle
06:13 Blacksmith
06:45 Barracks
07:37 Farm
08:15 Farm
11:22 Farm
11:27 Farm
11:32 Farm
12:33 Farm
13:09 Farm
13:46 Farm
13:53 Town Hall
20:06 Workshop
20:08 Workshop
22:16 Farm
22:58 Farm
23:35 Farm
25:50 Town Hall
26:29 Farm
» items
| Lesser Clarity Potion | 2 | |
| Scroll of Regeneration | 4 | |
| Scroll of Town Portal | 1 | |
7 total
seph (
pink | 109 APM | 3081 actions | 28:12)
6 Blood Mage
3 Flame Strike
2 Banish
1 Summon Phoenix
4 Firelord
2 Soul Burn
2 Incinerate
1 Archmage
1 Summon Water Elemental
» actions
| Assign group hotkey | 50 | |
| Basic commands | 155 | |
| Build / train | 93 | |
| Enter build submenu | 49 | |
| Enter hero's abilities submenu | 11 | |
| Give item / drop item | 2 | |
| Remove unit from queue | 1 | |
| Right click | 1848 | |
| Select / deselect | 588 | |
| Select group hotkey | 164 | |
| Use ability | 119 | |
3081 total
» units
| Peasant | 18 | |
| Footman | 7 | |
| Giant Sea Turtle | 1 | |
| Mur'gul Snarecaster | 1 | |
| Sorceress | 11 | |
| Rifleman | 3 | |
| Priest | 1 | |
| Gryphon Rider | 6 | |
| Dragonhawk Rider | 3 | |
51 total
» upgrades
| Masonry | 2 | |
| Lumber Harvesting | 1 | |
| Sorceress Training | 2 | |
| Long Rifles | 1 | |
| Storm Hammers | 1 | |
| Cloud | 1 | |
8 total
» buildings
| Altar of Kings | 2 | |
| Farm | 11 | |
| Barracks | 1 | |
| Scout Tower | 40 | |
| Lumber Mill | 1 | |
| Arcane Tower | 1 | |
| Town Hall | 2 | |
| Guard Tower | 11 | |
| Keep | 2 | |
| Arcane Vault | 1 | |
| Blacksmith | 1 | |
| Castle | 1 | |
| Arcane Sanctum | 4 | |
| Gryphon Aviary | 3 | |
81 total
» build order
00:07 Altar of Kings
00:18 Farm
00:36 Barracks
01:06 Farm
01:50 Farm
02:35 Scout Tower
03:05 Lumber Mill
03:11 Arcane Tower
04:07 Town Hall
04:31 Scout Tower
04:47 Scout Tower
05:00 Guard Tower
05:08 Scout Tower
05:48 Keep
05:50 Arcane Vault
05:54 Scout Tower
05:56 Guard Tower
05:59 Scout Tower
06:00 Scout Tower
06:01 Scout Tower
06:04 Scout Tower
06:04 Scout Tower
06:06 Scout Tower
06:08 Farm
06:09 Farm
06:24 Scout Tower
06:41 Guard Tower
06:44 Scout Tower
06:45 Scout Tower
06:46 Scout Tower
06:47 Scout Tower
07:05 Guard Tower
07:58 Guard Tower
08:03 Guard Tower
08:39 Guard Tower
08:42 Scout Tower
08:44 Scout Tower
08:45 Scout Tower
08:47 Scout Tower
08:48 Scout Tower
08:49 Scout Tower
09:15 Blacksmith
09:16 Castle
09:24 Arcane Sanctum
10:51 Arcane Sanctum
11:02 Guard Tower
11:16 Arcane Sanctum
11:19 Arcane Sanctum
11:37 Farm
12:33 Farm
12:33 Farm
13:01 Farm
13:15 Scout Tower
13:15 Scout Tower
13:16 Scout Tower
13:19 Scout Tower
13:20 Scout Tower
13:20 Scout Tower
13:22 Scout Tower
13:23 Scout Tower
13:24 Scout Tower
13:24 Scout Tower
13:25 Scout Tower
13:25 Scout Tower
13:42 Farm
14:03 Guard Tower
14:23 Gryphon Aviary
14:24 Gryphon Aviary
14:33 Gryphon Aviary
22:29 Farm
25:27 Scout Tower
25:28 Scout Tower
25:29 Scout Tower
25:29 Guard Tower
27:31 Altar of Kings
27:35 Keep
27:36 Guard Tower
27:46 Scout Tower
27:46 Scout Tower
27:47 Scout Tower
27:56 Town Hall
» items
| Scroll of Regeneration | 1 | |
| Potion of Lesser Invulnerability | 1 | |
2 total
Warmaster69 (
red | 50 APM | 2724 actions | 54:31)
8 Blademaster
3 Wind Walk
3 Critical Strike
1 Bladestorm
1 Mirror Image
» actions
| Assign group hotkey | 44 | |
| Basic commands | 267 | |
| Build / train | 88 | |
| Enter build submenu | 46 | |
| Enter hero's abilities submenu | 8 | |
| Give item / drop item | 19 | |
| Remove unit from queue | 2 | |
| Right click | 1074 | |
| Select / deselect | 478 | |
| Select group hotkey | 481 | |
| Use ability | 217 | |
2724 total
» units
| Peon | 13 | |
| Grunt | 4 | |
| Goblin Shredder | 1 | |
| Goblin Sapper | 11 | |
| Troll Batrider | 3 | |
| Wind Rider | 2 | |
34 total
» upgrades
| Reinforced Defenses | 1 | |
| Armor | 3 | |
| Ranged Weapons | 3 | |
| Troll Regeneration | 1 | |
| Envenomed Spears | 1 | |
9 total
» buildings
| Orc Burrow | 6 | |
| Altar of Storms | 1 | |
| Barracks | 1 | |
| Voodoo Lounge | 1 | |
| Stronghold | 1 | |
| War Mill | 1 | |
| Great Hall | 1 | |
| Fortress | 1 | |
| Watch Tower | 32 | |
| Beastiary | 6 | |
| Keep | | |
51 total
» build order
00:17 Orc Burrow
00:53 Orc Burrow
01:02 Altar of Storms
01:07 Barracks
01:46 Voodoo Lounge
02:55 Stronghold
04:28 Orc Burrow
04:30 War Mill
05:26 Great Hall
06:23 Fortress
06:28 Watch Tower
06:29 Watch Tower
06:41 Watch Tower
07:13 Watch Tower
07:42 Watch Tower
07:44 Watch Tower
07:45 Watch Tower
08:58 Beastiary
09:01 Beastiary
09:03 Beastiary
09:06 Beastiary
09:16 Watch Tower
09:17 Watch Tower
09:18 Watch Tower
10:22 Watch Tower
10:22 Watch Tower
10:25 Watch Tower
10:26 Watch Tower
10:28 Watch Tower
13:50 Watch Tower
13:50 Watch Tower
20:29 Watch Tower
20:29 Watch Tower
20:30 Watch Tower
20:30 Watch Tower
20:35 Watch Tower
20:35 Watch Tower
20:35 Watch Tower
20:35 Watch Tower
20:36 Watch Tower
20:37 Watch Tower
20:37 Watch Tower
20:39 Watch Tower
20:40 Watch Tower
20:40 Watch Tower
21:14 Beastiary
21:18 Beastiary
22:29 Orc Burrow
22:33 Orc Burrow
22:39 Orc Burrow
» items
| Healing Salve | 5 | |
| Mechanical Critter | 2 | |
| Scroll of Regeneration | 3 | |
| Gloves of Haste | 1 | |
| Orb of Lightning | 1 | |
| Potion of Healing | 5 | |
| Potion of Mana | 3 | |
| Lesser Clarity Potion | 4 | |
| Staff of Teleportation | 1 | |
| Scroll of Town Portal | 2 | |
| Tiny Great Hall | 1 | |
| Cloak of Flames | 1 | |
| Legion Doom-Horn | 1 | |
| Medallion of Courage | 1 | |
| Replenishment Potion | 1 | |
| Warsong Battle Drums | 1 | |
33 total
GHOUL.FRENZY (
blue | 20 APM | 1075 actions | 54:30)
7 Far Seer
3 Feral Spirit
3 Chain Lighting
1 Earth Quake
1 Blademaster
1 Critical Strike
» actions
| Basic commands | 1 | |
| Build / train | 64 | |
| Enter build submenu | 19 | |
| Enter hero's abilities submenu | 8 | |
| Give item / drop item | 7 | |
| Right click | 539 | |
| Select / deselect | 365 | |
| Use ability | 70 | |
1075 total
» units
» upgrades
| Ranged Weapons | 3 | |
| Armor | 2 | |
| Spiked Barricades | 1 | |
| Envenomed Spears | 1 | |
7 total
» buildings
| Orc Burrow | 8 | |
| Barracks | 2 | |
| Altar of Storms | 1 | |
| Voodoo Lounge | 1 | |
| War Mill | 1 | |
| Great Hall | 1 | |
| Stronghold | 1 | |
| Beastiary | 2 | |
| Fortress | 1 | |
| Watch Tower | 3 | |
21 total
» build order
00:42 Orc Burrow
01:12 Barracks
01:27 Barracks
01:36 Orc Burrow
01:59 Altar of Storms
02:16 Orc Burrow
02:33 Voodoo Lounge
05:35 War Mill
06:07 Great Hall
06:10 Stronghold
09:29 Beastiary
09:32 Beastiary
09:37 Orc Burrow
10:48 Fortress
11:06 Orc Burrow
11:55 Watch Tower
12:00 Watch Tower
12:04 Watch Tower
13:19 Orc Burrow
14:13 Orc Burrow
19:30 Orc Burrow
» items
| Healing Salve | 2 | |
| Lesser Clarity Potion | 1 | |
| Circlet of Nobility | 1 | |
| Replenishment Potion | 1 | |
| Boots of Speed | 1 | |
| Potion of Healing | 1 | |
| Potion of Mana | 1 | |
| Scroll of Town Portal | 2 | |
| Tiny Great Hall | 1 | |
| Scroll of Healing | 2 | |
13 total
Chat log
(00:20 / Allies) Aslaug: hi
(00:25 / Allies) GHOUL.FRENZY: hi
(01:12 / Allies) Aslaug: wc3 is back?
(01:29 / Allies) seph: wc4 should be like Overwatch
(01:39 / Allies) Aslaug: wtf
(01:46 / Allies) seph: itd be sick
(01:53 / Allies) Aslaug: *shit
(02:00 / Allies) seph: pfft
(02:04 / Allies) seph: this game doesnt get better
(02:26 / Allies) Warmaster69: I have like 1 sec delay
(02:29 / Allies) Aslaug: with living community and better graphics
(02:42 / Allies) seph: nah that don
(02:46 / Allies) seph: don't matter
(04:52 / Allies) Aslaug: that bitch nigg0r got WH
(08:25 / Allies) Aslaug: gg
(08:41 / Allies) Warmaster69: ?
(09:00 / Allies) Aslaug: im retard
(10:48 / Allies) Aslaug: b
(10:56 / Allies) Aslaug: b
(12:53 / Allies) Aslaug: tpß?
(14:54 / Allies) Warmaster69: back
(14:55 / Allies) Warmaster69: poink
(15:05 / Allies) Warmaster69: nvm
(15:29 / Allies) Aslaug: b
(15:41 / Allies) GHOUL.FRENZY: well gg
(16:35 / Allies) Warmaster69: bolt dk
(16:48 / Allies) GHOUL.FRENZY: well thats game
(17:29 / All) Warmaster69: that frost breath lasts way too long
(17:39 / All) busydrinkcoffee: can you even still buy pendant of energy on this maps marketplaces
(17:41 / All) busydrinkcoffee: not seeing any
(17:41 / All) Warmaster69: cost me my bats because I wasn't looking chasing dk
(17:44 / All) busydrinkcoffee: instead it's aura items and shit
(20:13 / All) akazebu17: gg 4x1
(20:19 / All) busydrinkcoffee: think this map may be ruined now
(20:22 / All) busydrinkcoffee: now pendants of energy from shops
(20:25 / Allies) Aslaug: wehxy
(20:28 / Allies) Aslaug: why
(21:55 / Allies) GHOUL.FRENZY: red u fagit
(22:00 / Allies) Warmaster69: take that one
(22:01 / Allies) GHOUL.FRENZY: get off my expo
(22:06 / Allies) GHOUL.FRENZY: suk my dik
(22:13 / Allies) GHOUL.FRENZY: that was mine
(22:19 / Allies) Warmaster69: it looked empty to me
(22:22 / Allies) GHOUL.FRENZY: fuku
(22:25 / Allies) GHOUL.FRENZY: pos
(23:13 / Allies) Aslaug: wtf
(23:58 / Allies) Warmaster69: tk
(24:07 / Allies) Warmaster69: why did oyu kill my shit pink
(24:22 / Allies) Warmaster69: why did you kill my sappers that were headed to purple faggot?
(24:54 / Allies) Aslaug: wtf red
(25:11 / Allies) Warmaster69: Fuck you guys
(25:17 / Allies) Warmaster69: blue threatening me and insulting me
(25:22 / Allies) Warmaster69: pink killing my sappers headed for purple
(25:41 / Allies) Aslaug: and why kill nme ?
(25:52 / Allies) Warmaster69: You with them or me?
(25:56 / Allies) seph: you didnt kill enemy
(26:03 / Allies) Warmaster69: Yes I did, noob
(26:17 / Allies) Aslaug: im just want gonna win
(26:32 / Allies) Warmaster69: If you're not with me, you're against me
(26:38 / Allies) Aslaug: im with u man
(26:40 / Allies) GHOUL.FRENZY: ok anakin
(27:05 / Allies) seph: im gonna fuck you
(27:13 / Allies) Warmaster69: Bring it, pussy
(27:16 / Allies) Aslaug: just stop it
(27:19 / Allies) seph: thanks
(28:06 / Allies) seph: oh
(28:09 / Allies) seph: you like to drink coffee
(31:17 / All) Warmaster69: What's new pussy cat, whoa whoaaaa
(32:45 / Allies) Aslaug: why ?
(32:58 / All) Warmaster69: IF YOU'RE NOT WITH ME
(33:01 / All) Warmaster69: YOU'RE AGAINST ME
(33:10 / Allies) Aslaug: what did i told you?
(33:20 / All) busydrinkcoffee: I thought for as ec you couldn't buy pendants on this map anymore
(33:27 / All) busydrinkcoffee: but it was false alarm and just terrible luck
(33:30 / Allies) Warmaster69: You said to stop it
(33:40 / Allies) Warmaster69: But I had vendettas, there's no stopping them
(33:46 / Allies) Aslaug: ???
(33:54 / Allies) Aslaug: what are u talking about
(33:57 / Allies) Aslaug: stop that shit
(34:18 / Allies) Aslaug: its fucking 04:00 AM stop that
(34:20 / All) busydrinkcoffee: This item has amazing market places now
(34:22 / All) busydrinkcoffee: they're upgraded
(34:28 / All) busydrinkcoffee: can buy pendants of energy, cloak of flames and shit
(37:24 / All) Warmaster69: Orajnge was euro
(37:27 / All) Warmaster69: 4 am his time
(37:32 / All) Warmaster69: he must not understand timezones
(41:44 / All) Warmaster69: peep the items
(42:02 / All) busydrinkcoffee: nice
(42:14 / All) busydrinkcoffee: you can buy claws +12 on this map which is sweet
(42:25 / All) Warmaster69: Pink started killing my sappers when he didn't know I was gonna explode his base
(42:26 / All) busydrinkcoffee: look at my items tping there
(42:31 / All) Warmaster69: I could have been storing htem there
(42:46 / All) busydrinkcoffee: looks like a meeting lol
(42:48 / All) Warmaster69: Nice
(42:57 / All) Warmaster69: +36 altogether on them claws
(43:00 / All) busydrinkcoffee: yeah
(43:06 / All) busydrinkcoffee: my hero levels are weird because your team kept focusing my am
(43:09 / All) Warmaster69: I could have been storing my sappers there before hitting purple for all he knew
(43:10 / All) busydrinkcoffee: and I kept having to tavern it back
(43:22 / All) busydrinkcoffee: mk got to lvl 6 before am and it's 7 now ahead of my other heroes
(43:25 / All) Warmaster69: MK needs aura
(43:35 / All) busydrinkcoffee: It got aura always being near my am and alch
(43:41 / All) busydrinkcoffee: I stack aura items on am
(43:42 / All) Warmaster69: I mean the cool aura
(43:44 / All) Warmaster69: circle
(43:47 / All) busydrinkcoffee: cloak of flames?
(44:04 / All) Warmaster69: My BM has cloak of flames and doom-horn
(44:17 / All) Warmaster69: He looks extra special
(45:07 / All) busydrinkcoffee: before patch I could be healing both heroes for duel lol
(45:17 / All) Warmaster69: Lawl
(46:42 / All) Warmaster69: Looks like same items
(46:51 / All) Warmaster69: They changed the placement of the goblin labs
(46:57 / All) Warmaster69: but not have top tier items
(47:00 / All) busydrinkcoffee: the new goblin lab placement sucks
(47:02 / All) Warmaster69: like they do on deadlock
(47:12 / All) busydrinkcoffee: I liked goblin shops in the middle
(47:16 / All) busydrinkcoffee: now you gotta go out of your way for them
(47:19 / All) Warmaster69: What's the point of changing htem to where they are now
(47:36 / All) Warmaster69: The shops should be where the merc camps are
(47:42 / All) Warmaster69: They are so stupid
(47:50 / All) busydrinkcoffee: yeah
(47:57 / All) Warmaster69: They changed goblin labs left and right with goblin shops
(48:02 / All) Warmaster69: instead of the original placemetn
(49:54 / All) Warmaster69: Blue not talking so mighta s well end
(50:06 / Allies) GHOUL.FRENZY: fuku nigger
(50:14 / All) Warmaster69: What's your problem, blue?
(50:22 / All) GHOUL.FRENZY: reds a bitch ass pussy nikka
(50:25 / All) busydrinkcoffee: lol
(50:30 / All) Warmaster69: What did I do to you?
(50:42 / Allies) GHOUL.FRENZY: you took my expo
(50:44 / All) GHOUL.FRENZY: wtf
(50:47 / All) Warmaster69: YOUR EXPO?
(50:47 / All) GHOUL.FRENZY: wtf
(50:49 / All) Warmaster69: It was empty
(50:51 / All) Warmaster69: Get over it
(50:52 / All) GHOUL.FRENZY: yes mine
(50:57 / All) GHOUL.FRENZY: my mine
(50:59 / All) Warmaster69: You couldn't keep it safe, that's one you, bub
(51:04 / All) GHOUL.FRENZY: lol
(51:19 / All) GHOUL.FRENZY: ya suk deez nutz!!!
(51:24 / All) Warmaster69: blue you lost us this game bro
(51:29 / All) GHOUL.FRENZY: you
(51:30 / All) busydrinkcoffee: gg blue noob
(51:32 / All) GHOUL.FRENZY: lost
(51:33 / All) busydrinkcoffee: red only good playe ron ur team
(51:33 / All) Warmaster69: You did blue
(51:34 / All) GHOUL.FRENZY: us
(51:35 / All) Warmaster69: You sucked
(51:41 / All) GHOUL.FRENZY: this game
(51:42 / All) Warmaster69: You were horrible
(51:51 / All) Warmaster69: You'll be deadlast on the score screen
(51:52 / All) GHOUL.FRENZY: you are such a bitch
(51:57 / All) Warmaster69: Maybe 7th, ahead of green
(52:05 / All) Warmaster69: which is damning with faint praise
(52:06 / All) GHOUL.FRENZY: worse than that whore mom of yours
(52:28 / All) GHOUL.FRENZY: teal gets free win
(52:33 / All) Warmaster69: Hey that's crossing a line. I didn't bring up when I used your mom for a modest 2 dollars, so don't lie about my mom okay?
(52:35 / All) GHOUL.FRENZY: from crying bitch
(52:36 / All) busydrinkcoffee: thanks for the win scrub
(52:57 / All) GHOUL.FRENZY: scub deez nutz teal
(53:07 / All) Warmaster69: GG we lost because blue sux
(53:15 / All) GHOUL.FRENZY: asshole
(53:21 / All) Warmaster69: What's YOUR problem?
(53:38 / All) GHOUL.FRENZY: my dik so big it takes all my blood from my brain
(53:45 / All) GHOUL.FRENZY: thats my prob
(53:47 / All) Warmaster69: Is that why you sucked?
(53:50 / All) GHOUL.FRENZY: and ur a dik
(54:14 / All) GHOUL.FRENZY: i hope you get raped by a bag of diks
(54:16 / All) Warmaster69: Blue sux and has a tiny jew cock